 Dungeon Crawl Stone Soup version 0.20-a0-809-gaf7f668 (webtiles) character file.

14893 dvd the Thaumaturge (level 11, -3/62 HPs)
             Began as a Deep Elf Fire Elementalist on Mar 2, 2017.
             Was an Elder of Vehumet.
             Slain by a frost giant
             ... wielding a +1 battleaxe of freezing
              (29 damage)
             ... in an ice cave.
             The game lasted 00:50:29 (15231 turns).

dvd the Thaumaturge (Deep Elf Fire Elementalist)   Turns: 15231, Time: 00:50:30

Health: -3/62      AC:  6    Str:  3    XL:     11   Next: 94%
Magic:  7/30       EV: 13    Int: 32    God:    Vehumet [****..]
Gold:   566        SH:  0    Dex: 15    Spells: 9/36 levels left

rFire    . . .     SeeInvis .   B - +4 dagger (chaos)
rCold    + . .     Gourm    .   E - +0 leather armour of the Pit {rC+ Int+3}
rNeg     . . .     Faith    .   (no shield)
rPois    +         Spirit   .   z - +0 hat
rElec    .         Reflect  .   I - +1 cloak
rCorr    .         Harm     .   (no gloves)
MR       +....                  n - +0 pair of boots
Stlth    +++.......             (no amulet)
Regen    0.2/turn               H - +3 ring of intelligence
MPRegen  0.3/turn               w - ring of poison resistance

@: no status effects
A: antennae 1, clever 1, robust 1, weak 1
a: Renounce Religion


You were in an ice cave.
You worshipped Vehumet.
Vehumet was greatly pleased with you.
You were not hungry.

You visited 3 branches of the dungeon, and saw 12 of its levels.
You also visited: Ice Cave.

You collected 746 gold pieces.
You spent 180 gold pieces at shops.

Inventory:

Hand Weapons
 f - a +4 dagger of holy wrath
 B - a +4 dagger of chaos (weapon)
Armour
 n - a +0 pair of boots (worn)
 r - a +0 helmet
 u - a +0 helmet
 z - a +0 hat (worn)
 D - a +0 troll leather armour
 E - the +0 leather armour of the Pit (worn) {rC+ Int+3}
   (You found it on level 4 of the Dungeon)

   It affects your intelligence (+3).
   It protects you from cold.
 G - a +3 ring mail of poison resistance
 I - a +1 cloak (worn)
 O - a +0 ring mail of positive energy
Jewellery
 i - an uncursed ring of resist corrosion
 v - an uncursed ring of see invisible
 w - a ring of poison resistance (left hand)
 C - an uncursed ring of protection from fire
 H - a +3 ring of intelligence (right hand)
 K - an uncursed ring of protection from fire
Wands
 a - a wand of confusion (29/48)
 e - a wand of confusion (8/48)
 o - a wand of random effects (12/48)
 t - a wand of flame (7/48)
 F - a wand of polymorph (10/24)
 N - a wand of paralysis (12/24)
Scrolls
 g - 4 scrolls of identify
 j - 3 scrolls of recharging
 p - a scroll of amnesia
 x - 2 scrolls of remove curse
 y - 3 scrolls of teleportation
 A - 2 scrolls of enchant weapon
 L - 5 scrolls of immolation {unknown}
Potions
 d - a potion of magic
 h - 2 potions of agility
 k - a potion of brilliance
 l - a potion of flight
 s - 7 potions of curing {unknown}
 J - a potion of heal wounds
Books
 b - a book of Flames

   Spells                             Type                      Level
   a - Flame Tongue                   Conjuration/Fire             1
   b - Throw Flame                    Conjuration/Fire             2
   c - Conjure Flame                  Conjuration/Fire             3
   d - Inner Flame                    Hexes/Fire                   3
   e - Sticky Flame                   Conjuration/Fire             4
   f - Fireball                       Conjuration/Fire             5
 P - a book of Enchantments

   Spells                             Type                      Level
   a - Cause Fear                     Hexes                        4
   b - Yara's Violent Unravelling     Hexes/Transmutation          5
   c - Silence                        Hexes/Air                    5
   d - Deflect Missiles               Charms/Air                   6
   e - Discord                        Hexes                        8
Miscellaneous
 Q - a crystal ball of energy
Comestibles
 c - 7 bread rations
 m - 6 royal jellies
 q - 7 fruits
 M - 9 chunks of flesh


   Skills:
 + Level 2.3 Fighting
 + Level 3.9 Short Blades
 + Level 3.8 Armour
 + Level 5.1 Dodging
 + Level 5.8 Stealth
 + Level 13.4 Spellcasting
 + Level 10.1 Conjurations
 * Level 3.1 Charms
 + Level 10.9 Fire Magic
 + Level 0.4 Ice Magic
 * Level 0.8 Air Magic
 + Level 2.8 Evocations


You had 9 spell levels left.
You knew the following spells:

 Your Spells              Type           Power        Failure   Level  Hunger
a - Throw Frost           Conj/Ice       ######       1%          2    None
b - Throw Flame           Conj/Fire      ######       1%          2    None
c - Sticky Flame          Conj/Fire      ######..     1%          4    None
d - Fireball              Conj/Fire      ######....   1%          5    None
e - Iskenderun's Mystic   Conj           ######..     1%          4    None
f - Force Lance           Conj/Tloc      ######..     2%          4    None
g - Deflect Missiles      Chrm/Air       ####......   100%        6    ####...


Dungeon Overview and Level Annotations

Branches:
Dungeon (10/15)            Temple (1/1) D:7            Lair (1/6) D:10
    Orc: D:9-12

Altars:
Ashenzari
Cheibriados
Dithmenos
Elyvilon
Fedhas
Gozag
Hepliaklqana
Kikubaaqudgha
Makhleb
Nemelex Xobeh
Okawaru
Qazlal
Ru
Sif Muna
Trog
Uskayaw
Vehumet
Wu Jian
Xom
Yredelemnul
Zin
The Shining One

Shops:
D:6 [

Annotations:
D:7 Doomer's ghost, novice CeFi


Innate Abilities, Weirdness & Mutations

You have a pair of small antennae on your head.
Your mind is acute. (Int +2)
You are robust. (+10% HP)
You are weak. (Str -2)


Message History

The frost giant is heavily wounded.
The frost giant is covered in liquid flames!
The frost giant burns!
The frost giant casts a spell at you. The bolt of cold hits you! You resist.
Unknown command.
The frost giant burns!
You see here a rime drake skeleton.
Unknown command.
Casting: Sticky Flame
Confirm with . or Enter, or press ? or * to list all spells.
Aiming: Fireball
Press: ? - help, Shift-Dir - straight line, p - frost giant The fireball explodes!
The fireball engulfs the frost giant.
The frost giant is severely wounded.
The flames covering the frost giant go out.
The frost giant stops burning.
The frost giant is engulfed in a cloud of scalding steam.
The frost giant hits you with a battleaxe of freezing!!
You die...

##..####≈≈≈######....#...###..⌠
#..§####≈≈≈# ####...### ##..
###§§##≈≈≈≈≈≈≈##..####### #..#
#####.§##≈≈≈≈≈≈≈##.#.####..####..
..##§.###≈≈≈≈≈≈≈≈≈≈.#.#..##.#..##
...###..#≈≈≈≈≈≈≈≈#.##.÷#####.###
...##§§§##≈≈≈≈≈≈##...### ###
#######..##≈≈≈###..### ≈≈≈###.###
≈ #@C## ≈≈≈#..## ##..# ####...#
##...# ##...### #....# ...###
#÷.... #### ..... .... .... ###


You could see a frost giant.

Vanquished Creatures
  A two-headed ogre (D:10)
  A death yak (IceCv)
  An oklob plant (D:10)
  An ice statue (IceCv)
  Psyche (D:9)
  2 rime drakes
  2 ice devils (Lair:1)
  11 polar bears (IceCv)
  2 trolls
  2 hornets
  A hippogriff (D:7)
  2 wyverns
  15 yaks
  A wraith (D:10)
  A hungry ghost (D:8)
  Edmund (D:4)
  3 orc warriors
  2 sky beasts
  6 phantoms
  2 black bears (D:7)
  An ice beast (D:6)
  A necrophage (D:6)
  6 ogres
  13 wolves (IceCv)
  3 centaurs
  A big kobold (D:10)
  Blork the orc (D:6)
  4 bullfrogs
  A gnoll sergeant (D:7)
  5 scorpions
  9 killer bees
  6 crimson imps
  2 jellies (D:10)
  7 orc wizards
  3 orc priests
  2 quasits
  A bullfrog skeleton (D:6)
  6 hounds
  A centaur skeleton (D:10)
  Jessica (D:2)
  Ijyb (D:2)
  2 iguanas
  7 worker ants
  A hound zombie (D:5)
  2 hound skeletons
  11 gnolls
  11 adders
  2 shadow imps
  2 oozes
  An adder skeleton (D:8)
  7 worms
  4 dart slugs
  6 leopard geckos
  36 orcs
  7 giant cockroaches
  9 hobgoblins
  11 jackals
  12 kobolds
  7 quokkas
  9 bats
  6 frilled lizards
  A goblin (D:2)
  A jackal skeleton (D:8)
  A kobold (shapeshifter) (D:10)
  A quokka zombie (D:6)
  10 rats
  2 plants (D:10)
302 creatures vanquished.

Vanquished Creatures (others)
  A rime drake (IceCv)
  3 polar bears (IceCv)
  3 yaks (IceCv)
  A human (D:5)
  6 wolves (IceCv)
14 creatures vanquished.

Grand Total: 316 creatures vanquished

Notes
Turn   | Place    | Note
-------+----------+-------------------------------------------
     0 | D:1      | dvd the Deep Elf Fire Elementalist began the quest for the Orb.
     0 | D:1      | Reached XP level 1. HP: 10/10 MP: 6/6
   117 | D:1      | Found a shattered altar of Ashenzari.
   240 | D:1      | Reached XP level 2. HP: 12/15 MP: 5/8
   270 | D:1      | Learned a level 2 spell: Throw Flame
   872 | D:2      | Noticed Jessica
   878 | D:2      | Killed Jessica
   878 | D:2      | Reached XP level 3. HP: 19/19 MP: 2/10
  1143 | D:2      | Reached skill level 4 in Spellcasting
  1237 | D:2      | Noticed Ijyb
  1276 | D:2      | Gained mutation: You are weak. (Str -2) [potion of mutation]
  1276 | D:2      | Gained mutation: You have a pair of small antennae on your head. [potion of mutation]
  1301 | D:2      | Killed Ijyb
  1301 | D:2      | Reached XP level 4. HP: 13/24 MP: 1/12
  1642 | D:2      | Found a burning altar of Makhleb.
  1710 | D:2      | HP: 1/24 [poisoned by an adder]
  1842 | D:2      | Learned a level 4 spell: Sticky Flame
  2513 | D:3      | Reached XP level 5. HP: 26/28 MP: 10/13
  2585 | D:3      | Found a glowing silver altar of Zin.
  2623 | D:3      | Found a faded altar of an unknown god.
  3248 | D:3      | Reached skill level 5 in Spellcasting
  3312 | D:4      | Noticed an ogre
  3323 | D:4      | Killed an ogre
  3323 | D:4      | Reached skill level 1 in Evocations
  3323 | D:4      | Reached XP level 6. HP: 32/32 MP: 6/15
  3751 | D:4      | Got an ichor-stained leather armour
  3762 | D:4      | Identified the +0 leather armour of the Pit {rC+ Int+3} (You found it on level 4 of the Dungeon)
  3855 | D:4      | Noticed Edmund
  3941 | D:4      | Killed Edmund
  3941 | D:4      | Reached skill level 5 in Fire Magic
  4011 | D:4      | Reached XP level 7. HP: 30/36 MP: 7/17
  4283 | D:4      | Reached skill level 6 in Spellcasting
  4606 | D:4      | Learned a level 5 spell: Fireball
  4765 | D:5      | Entered Level 5 of the Dungeon
  5078 | D:5      | Reached skill level 1 in Armour
  5436 | D:5      | Reached skill level 1 in Short Blades
  5500 | D:5      | Found an ancient bone altar of Kikubaaqudgha.
  5503 | D:5      | Noticed a human
  5504 | D:5      | Killed a human
  5527 | D:5      | Reached XP level 8. HP: 42/42 MP: 10/20
  5611 | D:5      | Found a hazy altar of Hepliaklqana.
  6136 | D:6      | Reached skill level 7 in Spellcasting
  6485 | D:6      | Reached skill level 5 in Conjurations
  6704 | D:6      | Found Cuesa's Antique Armour Shoppe.
  6713 | D:6      | Bought an embroidered cloak for 180 gold pieces
  6723 | D:6      | Reached skill level 8 in Spellcasting
  6866 | D:6      | Gained mutation: You are robust. (+10% HP) [mutagenic meat]
  6867 | D:6      | Gained mutation: Your mind is acute. (Int +2) [mutagenic meat]
  7114 | D:6      | Noticed Blork the orc
  7120 | D:6      | Killed Blork the orc
  7149 | D:6      | Reached XP level 9. HP: 48/50 MP: 8/23
  7531 | D:7      | Noticed Doomer's ghost (novice CeFi)
  7707 | D:7      | Found an ancient bone altar of Kikubaaqudgha.
  7708 | D:7      | Found a stormy altar of Qazlal.
  7708 | D:7      | Found an opulent altar of Gozag.
  7712 | D:7      | Found a radiant altar of Vehumet.
  7712 | D:7      | Found a snail-covered altar of Cheibriados.
  7715 | D:7      | Found an iron altar of Okawaru.
  7727 | D:7      | Became a worshipper of Vehumet
  7778 | D:7      | Reached skill level 5 in Stealth
  7844 | D:7      | Reached skill level 9 in Spellcasting
  8613 | D:7      | Found a staircase to the Ecumenical Temple.
  8658 | Temple   | Entered the Ecumenical Temple
  9372 | D:7      | Reached * piety under Vehumet
  9372 | D:7      | Offered knowledge of Sting by Vehumet.
  9431 | D:8      | Reached skill level 1 in Fighting
  9479 | D:8      | Reached skill level 10 in Spellcasting
 10130 | D:8      | Found a sacrificial altar of Ru.
 10522 | D:8      | Reached XP level 10. HP: 57/57 MP: 16/26
 10737 | D:8      | Reached ** piety under Vehumet
 10815 | D:9      | Lost strength.
 10912 | D:9      | Offered knowledge of Sandblast by Vehumet.
 10980 | D:9      | Noticed Psyche
 10985 | D:9      | Killed Psyche
 11554 | D:9      | Reached skill level 11 in Spellcasting
 11682 | D:10     | Entered Level 10 of the Dungeon
 11702 | D:10     | Offered knowledge of Throw Frost by Vehumet.
 11707 | D:10     | Learned a level 2 spell: Throw Frost
 11934 | D:10     | Found a staircase to the Lair.
 11935 | D:10     | Noticed an oklob plant
 12313 | D:10     | Reached *** piety under Vehumet
 12394 | D:10     | Noticed a two-headed ogre
 12402 | D:10     | Killed a two-headed ogre
 12608 | D:10     | Reached XP level 11. HP: 39/62 MP: 12/28
 12938 | D:10     | Offered knowledge of Iskenderun's Mystic Blast by Vehumet.
 12945 | D:10     | Learned a level 4 spell: Iskenderun's Mystic Blast
 13138 | D:10     | Killed an oklob plant
 13138 | D:10     | Reached skill level 12 in Spellcasting
 13171 | Lair:1   | Entered Level 1 of the Lair of Beasts
 13195 | Lair:1   | Reached skill level 10 in Fire Magic
 13207 | Lair:1   | Found a frozen archway.
 13370 | IceCv    | Entered an ice cave
 14220 | IceCv    | Reached skill level 5 in Dodging
 14221 | IceCv    | Reached **** piety under Vehumet
 14564 | IceCv    | Reached skill level 13 in Spellcasting
 14564 | IceCv    | Offered knowledge of Force Lance by Vehumet.
 14571 | IceCv    | Learned a level 4 spell: Force Lance
 14594 | IceCv    | Learned a level 6 spell: Deflect Missiles
 14840 | IceCv    | Reached skill level 1 in Charms
 14870 | IceCv    | Reached skill level 10 in Conjurations
 15064 | IceCv    | Noticed a death yak
 15080 | IceCv    | Killed a death yak
 15223 | IceCv    | Noticed a frost giant
 15231 | IceCv    | Slain by a frost giant

Vault maps used:
D:1:      dpeg_arrival_round_a, minmay_misc_feat_five,
          nicolae_ashenzari_panopticon
D:2:      minmay_diamond_boxcup, bloody_makhleb, uniq_jessica, uniq_iyjb
D:3:      old_standard_altar, first_bread, chequers_ecumenical_altar_island
D:4:      uniq_edmund
D:5:      nicolae_overflow_crystal_walls, hangedman_abyss_or_decor_slice,
          tgw_kikubaaqudgha
D:6:      serial_shops, shop, uniq_blork_the_orc
D:7:      grunt_temple_overflow_open, minmay_temple_entry_glass
D:8:      nicolae_ru_the_path_less_chosen
D:9:      uniq_psyche
D:10:     dpeg_oklobed_lair
Temple:   hc_temple_tempest_star
Lair:1:   portal_ice_cave_demonic_guard, minmay_hedge_maze, patterned_corridor,
          infiniplex_staircase_pool_2
IceCv:    ice_cave_caverns_02

Skill      XL: |  1  2  3  4  5  6  7  8  9 10 11 |
---------------+----------------------------------+-----
Fire Magic     | 4 5 6 7 8 9 10 | 10.9
Spellcasting   | 4 5 6 8 10 11 13 | 13.4
Conjurations   | 2 3 4 5 7 8 10 | 10.1
Stealth        | 3 4 5 |  5.8
Evocations     | 1 2 |  2.8
Dodging        | 3 4 5 |  5.1
Armour         | 1 2 3 |  3.8
Short Blades   | 1 2 3 |  3.9
Fighting       | 1 2 |  2.3
Charms         | 3 |  3.1
Ice Magic      | |  0.4
Air Magic      | |  0.8

Action                   |  1- 3 |  4- 6 |  7- 9 | 10-12 || total
-------------------------+-------+-------+-------+-------++-------
Melee: Dagger            |    27 |    47 |   137 |    69 ||   280
 Cast: Flame Tongue      |    29 |    48 |    78 |       ||   155
       Throw Flame       |    16 |    36 |   126 |    62 ||   240
       Sticky Flame      |       |     6 |    40 |    37 ||    83
       Fireball          |       |       |    10 |    68 ||    78
       Throw Frost       |       |       |       |     5 ||     5
       Force Lance       |       |       |       |     1 ||     1
Evoke: Wand              |       |    13 |    11 |     3 ||    27
  Use: Potion            |     4 |       |     8 |     2 ||    14
       Scroll            |       |     1 |    11 |     3 ||    15
 Stab: Sleeping          |     3 |     9 |     5 |     1 ||    18
       Confused          |       |     2 |     2 |       ||     4
       Distracted        |       |     1 |       |       ||     1
       Petrifying        |       |       |       |     1 ||     1
  Eat: Chunk             |     1 |     9 |    30 |    11 ||    51
       Royal jelly       |       |       |     1 |       ||     1
       Bread ration      |       |       |       |     1 ||     1
       Fruit             |       |       |       |     1 ||     1
Armor: Robe              |     5 |    13 |       |       ||    18
       Leather armour    |       |       |    65 |    25 ||    90
Dodge: Dodged            |    35 |    48 |   124 |    77 ||   284
